 Dungeon Crawl Stone Soup version 0.31-a0-702-gf82c85558f (webtiles) character file.

Game seed: 15497062561594299738

1126 qw the Skirmisher (level 8, -6/50 HPs)
             Began as a Gargoyle Hunter on Sept 7, 2023.
             Was a Follower of Okawaru.
             Mangled by Maggie
             ... wielding a +2 heavy morningstar
              (22 damage)
             ... on level 6 of the Dungeon.
             The game lasted 00:01:53 (4707 turns).

qw the Skirmisher (Gargoyle Hunter)                 Turns: 4707, Time: 00:01:53

Health: -6/50      AC: 12    Str: 15    XL:     8   Next: 35%
Magic:  8/8        EV: 12    Int: 10    God:    Okawaru [*.....]
Gold:   382        SH:  0    Dex: 15    Spells: 7/7 levels left

rFire   . . .        Y - +0 orcbow
rCold   . . .        (shield currently unavailable)
rNeg    + . .        c - +0 leather armour
rPois   inf          (no helmet)
rElec   +            (no cloak)
rCorr   .            (no gloves)
SInv    .            (no boots)
Will    .....        (no amulet)
Stlth   ++           e - +4 ring of protection
HPRegen 0.28/turn    (no ring)
MPRegen 0.11/turn

%: no passive effects
@: no status effects
A: sickness immunity, AC +5, negative energy resistance 1, electricity
resistance, torment resistance 1, petrification resistance
a: Renounce Religion, Heroism


You were on level 6 of the Dungeon.
You worshipped Okawaru.
Okawaru was aware of your devotion.
You visited 2 branches of the dungeon, and saw 7 of its levels.

You collected 382 gold pieces.


Innate Abilities, Weirdness & Mutations

You are immune to sickness and miasma.
Your stone body is resilient. (AC +5)
You are immune to poison.
You resist negative energy. (rN+)
You are resistant to electric shocks. (rElec)
You are resistant to unholy torment.
You are immune to petrification.


   Skills:
 - Level 5.5 Fighting
 + Level 8.9 Ranged Weapons
 - Level 1.8 Armour
 - Level 2.3 Dodging
 - Level 1.1 Stealth
 - Level 0.1 Invocations


You had 7 spell levels left.
You didn't know any spells.
Your spell library was empty.

Inventory:

Hand Weapons
 Y - a +0 orcbow (weapon)
Armour
 c - a +0 leather armour (worn)
Jewellery
 e - a +4 ring of protection (left hand)
Scrolls
 a - a scroll of identify
Potions
 b - 2 potions of might
 d - a potion of enlightenment
 g - a potion of resistance
 k - a potion of curing

Dungeon Overview and Level Annotations

Branches:
Dungeon (6/15)             Temple (1/1) D:5

Altars:
Ashenzari
Dithmenos
Elyvilon
Gozag
Hepliaklqana
Kikubaaqudgha
Makhleb
Nemelex Xobeh
Okawaru
Qazlal
Ru
Sif Muna
Trog
Vehumet
Xom
Zin
The Shining One

Annotations:
D:6 Maggie


Message History

Pikel is severely wounded.
Maggie closely misses you.
Pikel hits you with a +1 whip of freezing.
Pikel freezes you. The lemure barely misses you.
You shoot an arrow. The arrow closely misses Pikel.
Pikel closely misses you. The lemure hits you but does no damage.
Maggie hits you with a +2 heavy morningstar.
You shoot an arrow. The arrow hits Pikel!
Pikel is almost dead.
Pikel closely misses you. The lemure hits you but does no damage.
The lemure misses you.
Maggie hits you with a +2 heavy morningstar!!
4703 ||| DRINKING 2 potions of heal wounds.
You feel much better.
Pikel hits you with a +1 whip of freezing!
Pikel freezes you. The lemure barely misses you. The lemure closely misses you.
4704 ||| DRINKING potion of heal wounds.
You feel much better. Pikel hits you but does no damage. The lemure hits you.
Maggie barely misses you. The lemure barely misses you.
You shoot an arrow. The arrow hits Pikel.
Pikel is almost dead.
Pikel closely misses you. The lemure hits you!
The lemure hits you but does no damage. Maggie barely misses you.
You shoot an arrow. The arrow hits Pikel.
Pikel is almost dead.
You hear a shout!
Pikel hits you with a +1 whip of freezing.
Pikel freezes you. The lemure misses you. The lemure closely misses you.
Pikel misses you. The lemure completely misses you.
You shoot an arrow. The arrow hits Pikel!
You kill Pikel!
Okawaru is honoured by your kill.
You can now gain great but temporary skills.
With Pikel's spell broken, his former minions thank you for their freedom.
The lemure departs this earthly plane. x3
You break out of your daze.
An orc comes into view. It is wielding a +0 whip.
Maggie hits you with a +2 heavy morningstar!!
You die...

.......
....... ##
.......
#.###.......
##..#....#
#....<...#
#........##.
##¤¤)¤......#
##@#.......#
#..@###..#..#
#...# .## ..
#....# .. .
#.....o #..
#....... ..
#...#.?#
....#...


You could see Maggie and an orc.

Vanquished Creatures
  Pikel (D:6)
  Sigmund (D:2)
  A water moccasin (D:5)
  A black bear (D:5)
  A centaur (D:5)
  A phantom (D:4)
  A lemure (D:6)
  A bullfrog (D:5)
  2 scorpions
  A jelly (D:5)
  A gnoll bouda (D:5)
  3 hounds
  A sleepcap (D:4)
  An orc wizard (D:3)
  2 adders
  10 gnolls
  A white imp (D:5)
  3 worms
  A dart slug (D:2)
  9 orcs
  6 ball pythons
  11 endoplasms
  2 giant cockroaches
  12 goblins
  7 hobgoblins
  3 jackals (D:1)
  7 kobolds
  6 quokkas
  6 bats
  8 frilled lizards
  6 rats
117 creatures vanquished.

Notes
Turn   | Place    | Note
-------+----------+-------------------------------------------
     0 | D:1      | qw the Gargoyle Hunter began the quest for the Orb.
     0 | D:1      | Reached XP level 1. HP: 12/12 MP: 1/1
     0 | D:1      | 0 ||| qw: Version: 0.3-a-76-g4403597
     0 | D:1      | 0 ||| qw: Game counter: 752
     0 | D:1      | 0 ||| qw: Melee chars always use a shield: true
     0 | D:1      | 0 ||| qw: God list: Okawaru
     0 | D:1      | 0 ||| qw: Allow faded altars: false
     0 | D:1      | 0 ||| qw: Do Orc after clearing Dungeon:15 true
     0 | D:1      | 0 ||| qw: Do second Lair branch before Depths: true
     0 | D:1      | 0 ||| qw: Lair rune preference: random
     0 | D:1      | 0 ||| qw: Goals: Normal
     0 | D:1      | 0 ||| PLANNING D:1-11
    84 | D:1      | Reached XP level 2. HP: 17/17 MP: 2/2
   338 | D:1      | Reached XP level 3. HP: 21/21 MP: 3/3
   442 | D:1      | Reached skill level 5 in Ranged Weapons
   629 | D:1      | Reached skill level 3 in Fighting
   761 | D:1      | 761 ||| READING 2 scrolls labelled ITUUVO EFURURPH.
   762 | D:1      | 762 ||| READING scroll labelled QUCSITRIADU.
   763 | D:1      | 763 ||| READING scroll labelled NOUCOA VEIR.
   764 | D:1      | 764 ||| READING scroll labelled XORAKHL XUUTH.
   765 | D:1      | 765 ||| DRINKING 2 murky white potions.
   766 | D:1      | 766 ||| DROPPING scroll of butterflies.
   815 | D:2      | Reached XP level 4. HP: 28/28 MP: 4/4
   971 | D:2      | 971 ||| Stepping ~*~*~tactically~*~*~ (outnumbered).
   972 | D:2      | 972 ||| Stepping ~*~*~tactically~*~*~ (outnumbered).
   992 | D:2      | Found a faded altar of an unknown god.
  1373 | D:2      | Noticed Sigmund
  1384 | D:2      | Killed Sigmund
  1385 | D:2      | Reached skill level 6 in Ranged Weapons
  1385 | D:2      | Reached XP level 5. HP: 21/32 MP: 5/5
  1385 | D:2      | Reached XP level 6. HP: 24/37 MP: 6/6
  1438 | D:2      | 1438 ||| UPGRADING to +4 ring of protection.
  1439 | D:2      | 1439 ||| READING scroll labelled GEITRY BOIQAO.
  1540 | D:2      | 1540 ||| READING 2 scrolls of identify.
  1540 | D:2      | 1540 ||| IDENTIFYING sapphire potion
  1541 | D:2      | 1541 ||| DROPPING potion of magic.
  1749 | D:3      | 1749 ||| FLEEEEING.
  1751 | D:3      | 1751 ||| FLEEEEING.
  1752 | D:3      | 1752 ||| FLEEEEING.
  1753 | D:3      | 1753 ||| FLEEEEING.
  1754 | D:3      | 1754 ||| FLEEEEING.
  1755 | D:3      | 1755 ||| FLEEEEING.
  1756 | D:3      | 1756 ||| FLEEEEING.
  1757 | D:3      | 1757 ||| FLEEEEING.
  1758 | D:3      | 1758 ||| FLEEEEING.
  1759 | D:3      | 1759 ||| FLEEEEING.
  1760 | D:3      | 1760 ||| FLEEEEING.
  1761 | D:3      | 1761 ||| FLEEEEING.
  1763 | D:3      | 1763 ||| FLEEEEING.
  1764 | D:3      | 1764 ||| FLEEEEING.
  1765 | D:3      | 1765 ||| FLEEEEING.
  1766 | D:3      | 1766 ||| FLEEEEING.
  1767 | D:3      | 1767 ||| FLEEEEING.
  1768 | D:3      | 1768 ||| FLEEEEING.
  1769 | D:3      | 1769 ||| FLEEEEING.
  1770 | D:3      | 1770 ||| FLEEEEING.
  1771 | D:3      | 1771 ||| FLEEEEING.
  1772 | D:3      | 1772 ||| FLEEEEING.
  2112 | D:3      | 2112 ||| Stepping ~*~*~tactically~*~*~ (outnumbered).
  2125 | D:3      | 2125 ||| FLEEEEING.
  2126 | D:3      | 2126 ||| FLEEEEING.
  2378 | D:3      | Reached skill level 7 in Ranged Weapons
  2583 | D:3      | 2583 ||| READING scroll labelled UGYTEDD OMUCHOH.
  2612 | D:3      | 2612 ||| READING scroll labelled SEEXZY QE MIRGH.
  2613 | D:3      | 2613 ||| READING scroll labelled XETWUO JUMUXT.
  2614 | D:3      | 2614 ||| READING 2 scrolls of identify.
  2614 | D:3      | 2614 ||| IDENTIFYING fizzy dark potion
  2684 | D:4      | Reached XP level 7. HP: 26/43 MP: 7/7
  3146 | D:4      | Found a shimmering blue altar of Sif Muna.
  3216 | D:4      | 3216 ||| READING scroll of enchant weapon.
  3216 | D:4      | 3216 ||| ENCHANTING +1 shortbow.
  3246 | D:4      | Found a sacrificial altar of Ru.
  3541 | D:4      | 3541 ||| DRINKING 3 green potions.
  3542 | D:4      | 3542 ||| READING 2 scrolls of identify.
  3542 | D:4      | 3542 ||| IDENTIFYING fizzy clear potion
  3543 | D:4      | 3543 ||| DROPPING potion of attraction.
  3559 | D:5      | Entered Level 5 of the Dungeon
  3568 | D:5      | Found a staircase to the Ecumenical Temple.
  3570 | D:5      | 3570 ||| PLANNING TEMPLE
  3583 | Temple   | Entered the Ecumenical Temple
  3584 | Temple   | 3584 ||| PLANNING OKAWARU WORSHIP
  3600 | Temple   | Became a worshipper of Warmaster Okawaru
  3601 | Temple   | 3601 ||| PLANNING D:1-11
  3756 | D:5      | Reached skill level 8 in Ranged Weapons
  3906 | D:5      | Reached skill level 1 in Armour
  4080 | D:5      | Found a glowing silver altar of Zin.
  4081 | D:5      | 4081 ||| SWAPPING to +0 orcbow.
  4082 | D:5      | 4082 ||| DROPPING +2 shortbow.
  4117 | D:5      | Reached XP level 8. HP: 32/50 MP: 8/8
  4257 | D:5      | 4257 ||| READING scroll labelled VAOPPOHOKI.
  4303 | D:5      | Reached * piety under Okawaru
  4372 | D:5      | 4372 ||| INVOKING Heroism.
  4677 | D:5      | 4677 ||| READING 3 scrolls of identify.
  4677 | D:5      | 4677 ||| IDENTIFYING brown potion
  4678 | D:5      | 4678 ||| READING 2 scrolls of identify.
  4678 | D:5      | 4678 ||| IDENTIFYING dark potion
  4686 | D:6      | Noticed Pikel
  4689 | D:6      | 4689 ||| RETREATING.
  4692 | D:6      | Noticed Maggie
  4702 | D:6      | HP: 3/50 [Maggie/+2 heavy morningstar (18)]
  4703 | D:6      | 4703 ||| DRINKING 2 potions of heal wounds.
  4704 | D:6      | 4704 ||| DRINKING potion of heal wounds.
  4707 | D:6      | Killed Pikel
  4707 | D:6      | Mangled by Maggie

Levels and vault maps discovered:
D:1:      minmay_arrival_shattered_statue, layout_loops_ring,
          minmay_misc_feat_pillars
D:2:      layout_basic, hellmonk_ecumenical_altar_pennies_from_heaven,
          uniq_sigmund
D:3:      layout_basic, guppyfry_early_orc_mine
D:4:      layout_loops_ring, mainiacjoe_overflow_paths, lemuel_tele_altar,
          minmay_mini_jars
D:5:      layout_basic, mainiacjoe_overflow_boulevard, minmay_temple_entry_tees,
          serial_co_window_serial, co_window_of_opportunity_a,
          co_window_paths_b, co_window_paths_a, co_window_paths_a,
          co_window_corner_a, co_window_cross_1, co_window_of_opportunity_a,
          co_window_corner_ca, co_window_broadway_b, co_window_corner_b,
          co_window_paths_c, co_window_paths_c, co_window_of_opportunity_c,
          co_window_4corner_b, glass_columns_b, glass_columns_c,
          corexii_leaking_fountain
D:6:      layout_cave_pools, lemuel_doored_altar, uniq_pikel, uniq_maggie
Temple:   zaba_magenta_temple

Skill      XL: |  1  2  3  4  5  6  7 |
---------------+----------------------+-----
Ranged Weapons | 5 6 7 8 |  8.9
Fighting       | 3 4 5 |  5.5
Dodging        | 2 |  2.3
Armour         | 1 |  1.8
Stealth        | |  1.1
Invocations    | |  0.1

Action                     |  1- 3 |  4- 6 |  7- 9 || total
---------------------------+-------+-------+-------++-------
   Fire: Shortbow          |   112 |   183 |    77 ||   372
         Orcbow            |       |       |    86 ||    86
 Invoke: Heroism           |       |       |     1 ||     1
    Use: Scroll            |     4 |     6 |     5 ||    15
         Potion            |     1 |       |     3 ||     4
 Armour: Leather armour    |    43 |    74 |   104 ||   221
  Dodge: Dodged            |    46 |    43 |   103 ||   192

Table legend:
 A = Non-vault XP
 B = Vault XP
 C = Vault XP percentage of total XP
 D = Non-vault monster count
 E = Vault monster count
 F = Vault count percentage of total count
                 A         B        C        D         E       F
            +---------+---------+-------+---------+---------+-------
      Total |    1117 |    1155 |  50.8 |      97 |      19 |  16.4
            +---------+---------+-------+---------+---------+-------
        D:1 |      75 |       0 |   0.0 |      31 |       0 |   0.0
        D:2 |      47 |     226 |  82.8 |      22 |       1 |   4.3
        D:3 |     132 |      16 |  10.8 |      23 |       7 |  23.3
        D:4 |      97 |     250 |  72.0 |       6 |      10 |  62.5
        D:5 |     766 |       0 |   0.0 |      15 |       0 |   0.0
        D:6 |       0 |     663 | 100.0 |       0 |       1 | 100.0
            +---------+---------+-------+---------+---------+-------
